[Event "Team 45 45 League T60"]
[Site "Internet Chess Club"]
[Date "2014.03.07"]
[Round "2"]
[White "Littlemon"]
[Black "rodeo"]
[Result "0-1"]
[WhiteElo "1475"]
[BlackElo "1502"]
[Opening "Dutch with c4 & Nc3"]
[ECO "A85"]
[Time "20:30:50"]
[TimeControl "2700+45"]

1. d4 f5 2. c4 Nf6 3. Nc3 e6 4. Nf3 Bb4 5. e3 d6 6. Bd3 O-O 7. O-O Bxc3 8. bxc3
Qe8 9. Bc2 e5 10. dxe5 dxe5 11. Ba3 Rf7 12. Qe2 Na6 13. h3 c5 14. Rfd1 b6 15.
Ng5 Rd7 16. Rxd7 Bxd7 17. Nf3 Rd8 18. Rd1 Nb8 19. Bc1 Nc6 20. Re1 e4 21. Nd2 Ne5
22. Rd1 Qg6 23. Kh1 Nh5 24. Nf1 Rf8 25. Rd5 Re8 26. Bd1 Bc6 27. Qxh5 Qxh5 28.
Bxh5 g6 29. Bxg6 hxg6 30. Rd6 Ba4 31. Kg1 Kf7 32. Nd2 Ke7 33. Rd5 Ke6 34. f4
exf3 35. Nxf3 Nxf3+ 36. gxf3 Bc6 37. Rd1 Bxf3 38. Re1 Rd8 39. Kf2 Be4 40. Rg1
Kf6 41. Re1 Rd3 42. Bb2 g5 43. Ke2 Rd7 44. Rd1 Bf3+ 45. Kxf3 Rxd1 46. e4 Rd3+
47. Kg2 Rd2+ 48. Kg3 Rxb2 {White resigns} 0-1

[Event "Team 45 45 League T60"]
[Site "Internet Chess Club"]
[Date "2014.03.09"]
[Round "2"]
[White "JeffH"]
[Black "Nxs123"]
[Result "1-0"]
[WhiteElo "1594"]
[BlackElo "1608"]
[Opening "French: exchange variation"]
[ECO "C01"]
[Time "14:01:43"]
[TimeControl "2700+45"]

1. e4 e6 2. d4 d5 3. exd5 exd5 4. c4 Nf6 5. Nc3 c6 6. Nf3 Bb4 7. Be2 O-O 8. O-O
Bf5 9. a3 Bxc3 10. bxc3 Nbd7 11. cxd5 cxd5 12. Qb3 Nb6 13. Bg5 h6 14. Bh4 Re8
15. Bb5 Re6 16. Rfe1 Qd6 17. Rxe6 Qxe6 18. Bxf6 Qxf6 19. Re1 Qd6 20. Ne5 f6 21.
Nf3 Bd7 22. Bd3 Re8 23. Rxe8+ Bxe8 24. Nh4 Qf4 25. g3 Qd2 26. Bb5 Qe1+ 27. Bf1
Bh5 28. Qc2 Nc4 29. Ng2 Nd2 30. Nxe1 {Black resigns} 1-0

[Event "Team 45 45 League T60"]
[Site "Internet Chess Club"]
[Date "2014.03.06"]
[Round "2"]
[White "bluesun"]
[Black "Chess4Him"]
[Result "1/2-1/2"]
[WhiteElo "1393"]
[BlackElo "1466"]
[Opening "Robatsch (modern) defense"]
[ECO "B06"]
[Time "20:45:50"]
[TimeControl "2700+45"]

1. e4 g6 2. d4 Bg7 3. Nf3 d6 4. Bf4 Nd7 5. e5 d5 6. Nc3 c6 7. Qd2 Nb6 8. b3 h5
9. Bd3 Nh6 10. Ng5 Nf5 11. O-O-O e6 12. Bxf5 exf5 13. Rhe1 Be6 14. Nxe6 fxe6 15.
Bg5 Qxg5 16. Qxg5 Bh6 17. Qxh6 Rxh6 18. h4 Nd7 19. Re3 Rc8 20. Rg3 a6 21. b4 b6
22. Ne2 b5 23. Nf4 Kf7 24. Rdd3 Nb6 25. Rg5 Nc4 26. Rdg3 Rg8 27. c3 a5 28. Kc2
{Game drawn by mutual agreement} 1/2-1/2

[Event "Team 45 45 League T60"]
[Site "Internet Chess Club"]
[Date "2014.03.07"]
[Round "2"]
[White "RobertBuice"]
[Black "ethan0627"]
[Result "0-1"]
[WhiteElo "1080"]
[BlackElo "1368"]
[Opening "QGD: Tarrasch defense"]
[ECO "D32"]
[Time "18:01:08"]
[TimeControl "2700+45"]

1. d4 d5 2. c4 e6 3. Nf3 c5 4. cxd5 exd5 5. Nc3 Nf6 6. Bf4 Be7 7. e3 O-O 8. Be2
Nc6 9. O-O h6 10. Rc1 b6 11. h3 Ne4 12. Bb5 Nxc3 13. bxc3 Bb7 14. Re1 Bd6 15.
Bxd6 Qxd6 16. c4 Rad8 17. cxd5 Qxd5 18. Bc4 Qd6 19. dxc5 Qxc5 20. Qa4 Qf5 21.
Nd4 Qa5 22. Qxa5 Nxa5 23. Nf5 Nxc4 24. Rxc4 Rd5 25. e4 Re5 26. f3 Bc8 27. Nd6
Rd8 28. Nxc8 Rd7 29. Rec1 Ra5 30. R1c2 Ra3 31. Rc7 Rad3 32. Rxa7 Rxa7 33. Nxa7
Rd8 34. Nc6 Rd7 35. Ne5 Re7 36. Rc8+ Kh7 37. Nc6 Rd7 38. a4 Rd1+ 39. Kh2 Ra1 40.
Ra8 g6 41. Ra7 Kg8 42. Ne7+ Kg7 43. e5 b5 44. a5 b4 45. e6 b3 46. Nc6 b2 47.
Rxf7+ Kg8 48. Ne7+ Kh8 49. Nxg6+ Kg8 50. Ne5 b1=Q 51. e7 Qb8 52. f4 Re1 53. Rf5
Kg7 54. a6 Ra1 55. Rf7+ Kg8 56. Rf6 Qe8 57. Rg6+ Qxg6 58. Nxg6 Kf7 59. f5 Rxa6
60. Kg3 Ra8 61. Kh4 Kf6 62. g4 Re8 63. Kh5 Kg7 64. g5 hxg5 65. Kxg5 Rg8 66. f6+
Kf7 67. h4 Rxg6+ 68. Kf5 Rxf6+ 69. Kg5 Re6 70. e8=Q+ Kxe8 71. h5 Kf7 72. h6 Kg8
73. Kh5 Kh7 74. Kg5 Rxh6 75. Kf5 Kg7 76. Kg5 Ra6 77. Kf5 Kf7 78. Ke5 Kg6 79. Kd5
Kf5 80. Kc5 Ke5 81. Kb5 Ra1 82. Kb4 Kd5 83. Kb3 Rc1 84. Kb2 Rc8 85. Kb3 Kd4 86.
Kb4 Rb8+ 87. Ka5 Kc5 88. Ka4 Rb7 89. Ka5 Ra7# {White checkmated} 0-1

[Event "Team 45 45 League T60"]
[Site "Internet Chess Club"]
[Date "2014.03.06"]
[Round "2"]
[White "Shaggy88"]
[Black "Bible-Believer"]
[Result "1-0"]
[WhiteElo "1623"]
[BlackElo "1584"]
[Opening "Sicilian: Hungarian variation"]
[ECO "B27"]
[Time "20:30:13"]
[TimeControl "2700+45"]

1. e4 c5 2. Nf3 g6 3. Nc3 Nc6 4. Bc4 Bg7 5. O-O Nf6 6. e5 Ng4 7. Bxf7+ Kxf7 8.
Ng5+ Ke8 9. Qxg4 d5 10. e6 Nd4 11. f4 Qd6 12. f5 gxf5 13. Qh5+ {Black resigns}
1-0

[Event "Team 45 45 League T60"]
[Site "Internet Chess Club"]
[Date "2014.03.10"]
[Round "2"]
[White "BotanicalKnight"]
[Black "stanbeers"]
[Result "0-1"]
[WhiteElo "1527"]
[BlackElo "1519"]
[Opening "French: Labourdonnais variation"]
[ECO "C00"]
[Time "20:00:31"]
[TimeControl "2700+45"]

1. e4 e6 2. f4 d5 3. e5 c5 4. g3 Nc6 5. Nf3 Nh6 6. Bg2 Be7 7. Nc3 O-O 8. d3 Nf5
9. O-O a6 10. a3 Bd7 11. Bd2 Rc8 12. Rc1 Nfd4 13. Ne2 Qb6 14. Rb1 Nxf3+ 15. Bxf3
Nd4 16. Bg2 Bb5 17. a4 Nxe2+ 18. Qxe2 Bxa4 19. b3 Bc6 20. Qe1 c4+ 21. Kh1 cxd3
22. cxd3 Qd4 23. Qe3 Qxe3 24. Bxe3 Bb5 25. Rfd1 Rc3 26. Bf1 Rfc8 27. Bd4 R3c6
28. Kg2 Bc5 29. Bb2 Bb4 30. Rbc1 Rc2+ 31. Rxc2 {White resigns} 0-1

[Event "Team 45 45 League T60"]
[Site "Internet Chess Club"]
[Date "2014.03.09"]
[Round "2"]
[White "oldprez"]
[Black "chesskix"]
[Result "1/2-1/2"]
[WhiteElo "1472"]
[BlackElo "1333"]
[Opening "Sicilian: Alapin's variation (2.c3)"]
[ECO "B22"]
[Time "14:00:55"]
[TimeControl "2700+45"]

1. e4 c5 2. c3 Nc6 3. Nf3 e5 4. Bc4 d6 5. d4 cxd4 6. cxd4 exd4 7. Nxd4 Nxd4 8.
Qxd4 Be6 9. Nc3 Bxc4 10. Qxc4 a6 11. O-O Be7 12. Nd5 Rc8 13. Qb3 b5 14. a4 Nf6
15. Nxf6+ Bxf6 16. Re1 O-O 17. axb5 axb5 18. Bf4 Be5 19. Be3 Qh4 20. g3 Qxe4 21.
Bf4 Qc4 22. Qxc4 bxc4 23. Bxe5 dxe5 24. Rxe5 f6 25. Re2 h5 26. Rc1 Kf7 27. Rec2
Rb8 28. Rxc4 Rxb2 29. Rc5 Kg6 30. Rc6 Re8 31. R6c2 Rxc2 32. Rxc2 Kf7 33. Kg2 g5
34. Rc4 Ra8 35. h3 Kg6 36. g4 h4 37. Rc6 Rb8 38. Kf3 Rb3+ 39. Kg2 Rb8 40. Rc4
Ra8 41. Rc5 Rb8 42. Rc4 Ra8 43. Re4 Rb8 44. Kf3 Rb3+ 45. Re3 Rb4 46. Ke2 Rb2+
47. Kf3 Rb4 48. Re8 Kf7 49. Ra8 Rb3+ 50. Kg2 Kg7 51. f3 Rb2+ 52. Kg1 Rb3 53. Kg2
Rb2+ 54. Kg1 {Game drawn by mutual agreement} 1/2-1/2

[Event "Team 45 45 League T60"]
[Site "Internet Chess Club"]
[Date "2014.03.09"]
[Round "2"]
[White "kingsrook"]
[Black "Fogbound"]
[Result "0-1"]
[WhiteElo "1304"]
[BlackElo "1287"]
[Opening "Dutch defense"]
[ECO "A93"]
[Time "13:00:51"]
[TimeControl "2700+45"]

1. d4 f5 2. g3 d5 3. Bg2 Nf6 4. c4 c6 5. Nf3 e6 6. O-O Be7 7. b3 O-O 8. Bb2 Nbd7
9. Nbd2 Ne4 10. Rc1 Ndf6 11. c5 Bd7 12. Ne5 b6 13. b4 bxc5 14. dxc5 Rb8 15. a3
a5 16. Nd3 Bc8 17. Nf3 Ba6 18. Nfe5 Qc7 19. f3 Ng5 20. Qd2 Bxd3 21. Nxd3 Nd7 22.
Qe3 Rbe8 23. Qd2 Nf7 24. Qf4 Qb7 25. Qe3 Qa7 26. Bc3 Bf6 27. Bxf6 Nxf6 28. Ra1
Qc7 29. Qf4 e5 30. Qxf5 Nh6 31. Qg5 Nf7 32. Qd2 e4 33. fxe4 dxe4 34. Nf4 Qe5 35.
bxa5 Rd8 36. Qb4 Nd5 37. Nxd5 Rxd5 38. Rac1 Rb8 39. Qc3 Rd4 40. e3 Rd3 41. Qxe5
Nxe5 42. Rfe1 Rbb3 43. a6 Rxa3 44. Bxe4 Rd2 45. Red1 Rxd1+ 46. Rxd1 Rxa6 47.
Rd8+ Kf7 48. Bxh7 Ra1+ 49. Kf2 Ra2+ 50. Kf1 Ra1+ 51. Kg2 Ra2+ 52. Kh3 Ra3 53.
Bg8+ Ke7 54. Rd2 Rxe3 55. Rc2 Nf3 56. Kg4 Ne5+ 57. Kh3 Nf3 58. Bc4 Nd4 59. Kg2
Nxc2 {White resigns} 0-1

[Event "Team 45 45 League T60"]
[Site "Internet Chess Club"]
[Date "2014.03.06"]
[Round "2"]
[White "SeniorCitizen"]
[Black "fuzzface"]
[Result "1-0"]
[WhiteElo "1310"]
[BlackElo "1359"]
[Opening "French: advance variation"]
[ECO "C02"]
[Time "14:04:29"]
[TimeControl "2700+45"]

1. e4 e6 2. d4 d5 3. e5 Nc6 4. Nf3 a6 5. c3 Be7 6. Bd3 f6 7. O-O fxe5 8. dxe5
Bc5 9. Nbd2 Nge7 10. Nb3 Bb6 11. Bg5 O-O 12. Qc2 Qe8 13. Nbd4 Nxd4 14. Nxd4 Nc6
15. Bxh7+ Kh8 16. Nxc6 bxc6 17. Bg6 Qd7 18. Qe2 Kg8 19. Qh5 {Black resigns} 1-0

[Event "Team 45 45 League T60"]
[Site "Internet Chess Club"]
[Date "2014.03.09"]
[Round "2"]
[White "tamky70"]
[Black "medsurg"]
[Result "0-1"]
[WhiteElo "1330"]
[BlackElo "1330"]
[Opening "QGD: Ragozin variation"]
[ECO "D38"]
[Time "19:00:34"]
[TimeControl "2700+45"]

1. d4 d5 2. c4 e6 3. Nc3 Nf6 4. Nf3 Bb4 5. a3 Bxc3+ 6. bxc3 b6 7. e3 Bb7 8. Bd3
Nbd7 9. O-O c5 10. cxd5 Bxd5 11. c4 Be4 12. Qc2 Bxd3 13. Qxd3 cxd4 14. exd4 Nc5
15. Qc2 Ncd7 16. c5 O-O 17. cxb6 Nxb6 18. Bg5 Nbd5 19. h3 Rc8 20. Qa4 a5 21.
Bxf6 Nxf6 22. Rac1 Qd5 23. Ne5 Ne4 24. Nc6 Qd7 25. Qxa5 Rxc6 26. Rxc6 Qxc6 27.
Qa7 g6 28. Qa5 Ra8 29. Qb4 Ra4 30. Qb8+ Kg7 31. Qe5+ f6 32. Qb8 Rxa3 33. Qd8 Ra7
34. Qb8 Rd7 35. Qb2 Qc3 36. Qb5 Qxd4 37. Qc6 Rd6 38. Qe8 Nd2 39. Qe7+ Kh6 40.
Qf8+ Kg5 41. Rb1 Ne4 42. Rf1 Ng3 43. Rb1 Ne2+ 44. Kf1 Qd3 45. h4+ Kf5 46. Rb5+
Rd5 47. Rxd5+ exd5 48. Qc8+ Kf4 49. Qc7+ Kf5 50. Qd7+ Kf4 51. Qd6+ Kg4 52. Qe6+
Kxh4 53. Qxe2 Qb1+ 54. Qe1 Qxe1+ 55. Kxe1 Kg4 56. Ke2 Kf4 57. Kd3 Ke5 58. g3 h5
59. f4+ Ke6 60. Kd4 g5 61. fxg5 fxg5 62. Ke3 Kf5 63. Kf3 d4 64. Ke2 h4 65. gxh4
gxh4 66. Kf3 h3 67. Kg3 d3 68. Kxh3 d2 {White resigns} 0-1

[Event "Team 45 45 League T60"]
[Site "Internet Chess Club"]
[Date "2014.03.08"]
[Round "2"]
[White "rgadoury"]
[Black "Rococo"]
[Result "0-1"]
[WhiteElo "1296"]
[BlackElo "1270"]
[Opening "Two knights defense (Modern bishop's opening)"]
[ECO "C55"]
[Time "11:01:22"]
[TimeControl "2700+45"]

1. e4 e5 2. Nf3 Nc6 3. Bc4 Nf6 4. d3 Be7 5. Nc3 O-O 6. O-O d6 7. h3 a6 8. a3 b5
9. Ba2 Bd7 10. Bd2 Qc8 11. Bg5 h6 12. Bxf6 Bxf6 13. Nd5 Bd8 14. c3 Ne7 15. Ne3
Kh8 16. Nh2 f5 17. exf5 Nxf5 18. Nxf5 Bxf5 19. g4 Bd7 20. Bb1 Bg5 21. d4 Rf6 22.
Nf3 Bxg4 23. hxg4 Qxg4+ 24. Kh1 Rxf3 25. Qxf3 Qxf3+ 26. Kg1 Qg4+ 27. Kh1 Bf4 28.
Rg1 {White resigns} 0-1

[Event "Team 45 45 League T60"]
[Site "Internet Chess Club"]
[Date "2014.03.08"]
[Round "2"]
[White "wildangels"]
[Black "theartist"]
[Result "0-1"]
[WhiteElo "1112"]
[BlackElo "1147"]
[Opening "French defense"]
[ECO "C00"]
[Time "10:02:04"]
[TimeControl "2700+45"]

1. e4 e6 2. Nf3 d5 3. d3 dxe4 4. dxe4 Qxd1+ 5. Kxd1 Bc5 6. Be3 Bxe3 7. fxe3 c5
8. Bb5+ Bd7 9. Nc3 Nc6 10. Ke2 Nge7 11. Rad1 Rd8 12. Rd2 a6 13. Ba4 b5 14. Bb3
c4 15. Ba4 bxa4 16. a3 Na5 17. Ne5 Bb5 18. Rf1 Rxd2+ 19. Kxd2 f6 20. Ng4 O-O 21.
e5 f5 22. Nf2 Nac6 23. e4 Nxe5 24. Kc1 Rd8 25. Nh3 g6 26. Ng5 Nf7 27. Nxe6 Rd6
28. Nc5 Rd4 29. Re1 Bc6 30. e5 Bxg2 31. e6 Nd6 32. Nd7 Kg7 33. Nxa4 Re4 34. Nac5
Rxe1+ 35. Kd2 Rh1 36. Nxa6 Rxh2 37. a4 Bc6+ 38. Kc3 Bxa4 39. Nb4 f4 40. Nc5 Bb5
41. Kd4 Re2 42. b3 cxb3 43. cxb3 Ndf5+ 44. Kc3 Re3+ 45. Kd2 f3 46. Nc2 Re2+ 47.
Kc3 f2 48. Nd4 Re1 49. Nxb5 f1=Q 50. Kb4 Qf4+ 51. Ka3 Nd4 52. Nxd4 Qxd4 53. b4
Ra1+ 54. Kb3 Rb1+ 55. Ka4 Qxb4# {White checkmated} 0-1

[Event "Team 45 45 League T60"]
[Site "Internet Chess Club"]
[Date "2014.03.10"]
[Round "2"]
[White "semperfi"]
[Black "stantheman59"]
[Result "0-1"]
[WhiteElo "1362"]
[BlackElo "1259"]
[Opening "Queen's pawn game"]
[ECO "D05"]
[Time "20:01:30"]
[TimeControl "2700+45"]

1. d4 e6 2. Nf3 Nf6 3. e3 d5 4. Bd3 Be7 5. Nbd2 Bd7 6. O-O O-O 7. c3 c5 8. Re1
b6 9. Qe2 c4 10. Bc2 b5 11. e4 Bc6 12. exd5 Bxd5 13. Ne4 Nbd7 14. Bf4 b4 15. Nd6
Qb8 16. Nxc4 Qxf4 17. Nce5 Nxe5 18. Nxe5 bxc3 19. bxc3 Rab8 20. Qe3 Qxe3 21.
Rxe3 Bd6 22. f3 Ba3 23. Nd3 Bb2 24. Nxb2 Rxb2 25. Bb3 Bxb3 26. axb3 Rxb3 27.
Rxa7 Nd5 28. Re1 Rxc3 29. Rea1 Nc7 30. Kf2 g5 31. Rb1 Ra8 32. Rbb7 Rxa7 33. Rxa7
Nd5 34. Ra2 Rd3 35. Ra4 h5 36. h3 Kg7 37. g3 h4 38. g4 Kg6 39. Ra8 Rxd4 40. Rg8+
Kf6 41. Rh8 Nf4 42. Ke3 e5 43. Rh6+ Kg7 {White resigns} 0-1

[Event "Team 45 45 League T60"]
[Site "Internet Chess Club"]
[Date "2014.03.09"]
[Round "2"]
[White "arconia"]
[Black "Aquaman"]
[Result "0-1"]
[WhiteElo "1272"]
[BlackElo "1366"]
[Opening "QP counter-gambit: Maroczy gambit"]
[ECO "C40"]
[Time "15:01:20"]
[TimeControl "2700+45"]

1. e4 e5 2. Nf3 d5 3. exd5 Bd6 4. Nc3 Nf6 5. Bc4 O-O 6. d3 Re8 7. O-O Bg4 8. h3
Bh5 9. Ne4 Nxe4 10. dxe4 Nd7 11. Be2 h6 12. Nh2 Bg6 13. Bd3 Nf6 14. f4 exf4 15.
Bxf4 Bc5+ 16. Kh1 Nxe4 17. Qf3 Qxd5 18. c4 Qc6 19. Ng4 Bd4 20. Rae1 Bxb2 21.
Bxe4 Bxe4 22. Rxe4 Rxe4 23. Bxh6 Re7 24. Qg3 Qg6 25. Bg5 Rd7 26. Ne3 Rd3 27. h4
Bd4 28. Rf3 Re8 29. h5 Qxh5+ 30. Bh4 Rdxe3 {White resigns} 0-1

[Event "Team 45 45 League T60"]
[Site "Internet Chess Club"]
[Date "2014.03.11"]
[Round "2"]
[White "Fogbound"]
[Black "chips"]
[Result "1-0"]
[WhiteElo "1296"]
[BlackElo "1119"]
[Opening "King's Indian: London system"]
[ECO "A45"]
[Time "06:04:55"]
[TimeControl "2700+45"]

1. d4 Nf6 2. Bf4 g6 3. Nf3 Bg7 4. e3 d6 5. h3 O-O 6. Bd3 Nbd7 7. Nbd2 c5 8. c3
a6 9. O-O cxd4 10. exd4 Nd5 11. Bg3 N5f6 12. Re1 d5 13. Qc2 e6 14. Bh4 b6 15.
Ne5 Bb7 16. Ndf3 a5 17. Bb5 Nb8 18. a4 Ba6 19. Nc6 Nxc6 20. Bxc6 Rc8 21. Ne5 Qd6
22. Bg3 Qe7 23. Qb3 Qa7 24. Bb5 Ne4 25. Rad1 Nxg3 26. fxg3 Bxb5 27. Qxb5 Bxe5
28. Rxe5 Ra8 29. Rf1 Qa6 30. Qd7 Qa7 31. Qb5 Kg7 32. Qe2 Rae8 33. Re1 Qd7 34.
Qg4 Qxa4 35. h4 Qc2 36. Qf4 Qxb2 37. R5e2 Qxc3 38. Qe5+ Kg8 39. h5 Qd3 40. h6 f6
41. Qc7 Rf7 42. Qc6 Ree7 43. Qxb6 Qxg3 44. Qd8+ Rf8 45. Qxe7 Qg4 46. Qg7# {Black
checkmated} 1-0

[Event "Team 45 45 League T60"]
[Site "Internet Chess Club"]
[Date "2014.03.08"]
[Round "2"]
[White "oldbookseller"]
[Black "artspir"]
[Result "0-1"]
[WhiteElo "979"]
[BlackElo "1316"]
[Opening "Queen's pawn game"]
[ECO "D02"]
[Time "13:00:56"]
[TimeControl "2700+45"]

1. d4 d5 2. Nf3 c6 3. Bf4 Nf6 4. e3 Bf5 5. Nbd2 Nbd7 6. Be2 e6 7. O-O Be7 8. Ne5
Nxe5 9. Bxe5 Qb6 10. b3 O-O 11. Nf3 Ne4 12. c4 f6 13. Bf4 Rad8 14. a3 c5 15. a4
cxd4 16. Nxd4 e5 17. Nxf5 Qc7 18. cxd5 exf4 19. Bc4 Nd6 20. Nh6+ gxh6 21. Qg4+
Kh8 22. Qxf4 h5 23. Qh6 Nxc4 24. bxc4 Qxc4 25. Rfd1 Rxd5 26. Rab1 Rfd8 27. f4
Rxd1+ 28. Rxd1 Rxd1+ 29. Kf2 Rf1+ 30. Kg3 Qg8+ 31. Kh4 Qg4# {White checkmated}
0-1

[Event "Team 45 45 League T60"]
[Site "Internet Chess Club"]
[Date "2014.03.09"]
[Round "2"]
[White "leopardc"]
[Black "QuieroAprender"]
[Result "0-1"]
[WhiteElo "1533"]
[BlackElo "1701"]
[Opening "Ruy Lopez: Cozio defense"]
[ECO "C60"]
[Time "19:30:52"]
[TimeControl "2700+45"]

1. e4 e5 2. Nf3 Nc6 3. Bb5 Nge7 4. c3 a6 5. Ba4 Ng6 6. d4 exd4 7. cxd4 Bb4+ 8.
Nc3 b5 9. Bc2 d6 10. h3 h6 11. O-O O-O 12. a3 Ba5 13. Nd5 Nce7 14. b4 Nxd5 15.
exd5 Bb6 16. Re1 Re8 17. Rxe8+ Qxe8 18. Be3 Bb7 19. Bb3 Qe4 20. Nd2 Qf5 21. g4
Qf6 22. Ne4 Qe7 23. Nc3 Re8 24. Qf3 Nh4 25. Qf4 g5 26. Qg3 f5 27. Ne2 f4 28.
Nxf4 gxf4 29. Qxf4 Qf8 30. Qxf8+ Rxf8 31. Bxh6 Rf3 32. Bg5 Rxb3 33. Bxh4 Rxh3
34. Kg2 Rxh4 35. Kg3 Rh6 36. Rd1 Bxd5 37. f4 Re6 38. f5 Re4 39. Kh4 Bxd4 40. Kg5
Be3+ 41. Kf6 Bf7 42. Rd3 Bd4+ 43. Kg5 c5 44. a4 c4 45. Ra3 c3 46. axb5 axb5 47.
Ra8+ Re8 48. Ra1 c2 49. Kh6 c1=Q+ 50. Rxc1 Be3+ 51. g5 Bxc1 52. f6 Kf8 53. Kh7
Re4 54. g6 Rh4# {White checkmated} 0-1

[Event "Team 45 45 League T60"]
[Site "Internet Chess Club"]
[Date "2014.03.06"]
[Round "2"]
[White "ElMarginal"]
[Black "pauliewoll"]
[Result "0-1"]
[WhiteElo "1455"]
[BlackElo "1545"]
[Opening "QGD: Lasker defense"]
[ECO "D56"]
[Time "16:01:42"]
[TimeControl "2700+45"]

1. d4 d5 2. c4 e6 3. Nc3 Nf6 4. Bg5 Be7 5. Nf3 O-O 6. e3 h6 7. Bh4 Ne4 8. Bxe7
Qxe7 9. Nxe4 dxe4 10. Nd2 f5 11. Be2 e5 12. Qb3 exd4 13. exd4 Nc6 14. Qe3 Nb4
15. Qc3 Nd3+ 16. Bxd3 exd3+ 17. Kf1 Qe2+ 18. Kg1 f4 19. Nf3 Bg4 20. Re1 Qc2 21.
Qxc2 dxc2 22. Ne5 Bd1 23. Nd3 Rfe8 24. Kf1 b5 25. b3 bxc4 26. bxc4 Rab8 27. Nc1
Kf7 28. h4 Rb1 29. Rxe8 Kxe8 {White resigns} 0-1

[Event "Team 45 45 League T60"]
[Site "Internet Chess Club"]
[Date "2014.03.08"]
[Round "2"]
[White "SirIvanhoe"]
[Black "GideonL"]
[Result "0-1"]
[WhiteElo "1577"]
[BlackElo "1466"]
[Opening "French: King's Indian attack"]
[ECO "C00"]
[Time "14:00:53"]
[TimeControl "2700+45"]

1. e4 e6 2. d3 d5 3. Nd2 c5 4. Ngf3 Nc6 5. g3 Bd6 6. Bg2 Nge7 7. O-O O-O 8. Re1
Ng6 9. c3 b6 10. h4 Bb7 11. h5 Nge7 12. e5 Bc7 13. d4 cxd4 14. cxd4 Nf5 15. Nb3
Re8 16. g4 Nh4 17. Bh1 Nxf3+ 18. Qxf3 Rc8 19. Bf4 Nb4 20. Re2 Ba6 21. Rd2 Qh4
22. a3 Nc6 23. Bg3 Qd8 24. Rc1 Bc4 25. Na1 Na5 26. Rdc2 Qe7 27. Rc3 h6 28. b3
Ba6 29. b4 Nc4 30. Nc2 Nd2 31. Qf4 Nc4 32. Ne3 Nxe3 33. Qxe3 Bc4 34. Bg2 b5 35.
f4 a5 36. f5 axb4 37. axb4 Qxb4 38. Be1 Qa4 39. Ra3 Bb6 40. Rxa4 bxa4 41. Bb4
Rb8 42. Ra1 Bxd4 43. Qxd4 Rxb4 44. fxe6 fxe6 45. Qc5 Reb8 46. Qa5 d4 47. Rxa4
Rb1+ 48. Kh2 Rc8 49. Qd2 d3 50. Rxc4 Rxc4 51. Qxd3 Rbb4 52. Qd8+ Kh7 53. Qd6
Rxg4 54. Qxe6 Rh4+ 55. Kg3 Rxh5 56. Qd6 Rg5+ 57. Kf2 Rb2+ 58. Kf3 Rf5+ 59. Kg4
Rg5+ 60. Kf3 Rgxg2 61. Qd3+ Rg6 62. e6 Rb7 63. e7 Rxe7 64. Qf5 Re6 65. Qc2 h5
66. Kf4 Rf6+ 67. Ke3 h4 68. Kd4 h3 69. Qe4 h2 70. Qh4+ Rh6 71. Qe4+ Rfg6 72. Qh1
Rh4+ 73. Kc5 Rg1 74. Qf3 h1=Q 75. Qd3+ Rg6 76. Qc2 Qc6# {White checkmated} 0-1

[Event "Team 45 45 League T60"]
[Site "Internet Chess Club"]
[Date "2014.03.09"]
[Round "2"]
[White "crazyhorses"]
[Black "Tjet"]
[Result "1-0"]
[WhiteElo "1386"]
[BlackElo "1497"]
[Opening "Neo-Grünfeld, 5.Nf3"]
[ECO "D73"]
[Time "16:00:33"]
[TimeControl "2700+45"]

1. Nf3 d5 2. g3 g6 3. d4 Bg7 4. c4 Nf6 5. Bg2 dxc4 6. Qa4+ Nbd7 7. O-O O-O 8.
Nc3 c6 9. Qxc4 Nb6 10. Qd3 Be6 11. b3 Nbd5 12. Ng5 Bc8 13. Bb2 Nxc3 14. Bxc3 Nd5
15. Bb2 h6 16. Nf3 Be6 17. e4 Nb6 18. Rfd1 Bg4 19. h3 Bxf3 20. Qxf3 e6 21. Rac1
Rb8 22. a4 Qe7 23. Ra1 Rfd8 24. Ba3 Qf6 25. a5 Qxf3 26. Bxf3 Nd7 27. Rac1 Nf8
28. d5 exd5 29. exd5 cxd5 30. Bxd5 Ne6 31. Bxe6 Rxd1+ 32. Rxd1 fxe6 33. Rd7 Bf8
34. Bxf8 Kxf8 35. f4 b6 36. a6 Rc8 37. Rxa7 Rc1+ 38. Kf2 Ra1 39. Ke2 b5 40. Kd3
Rd1+ 41. Kc3 h5 42. Kb4 {Black resigns} 1-0

[Event "Team 45 45 League T60"]
[Site "Internet Chess Club"]
[Date "2014.03.08"]
[Round "2"]
[White "SATELLITE-DAN"]
[Black "kingphisch"]
[Result "0-1"]
[WhiteElo "1613"]
[BlackElo "1509"]
[Opening "Caro-Kann: classical variation"]
[ECO "B18"]
[Time "17:00:55"]
[TimeControl "2700+45"]

1. e4 c6 2. d4 d5 3. Nc3 dxe4 4. Nxe4 Bf5 5. Bd3 Bxe4 6. Bxe4 Nf6 7. Bd3 Nbd7 8.
c3 e6 9. f4 Qc7 10. Nf3 Be7 11. Ne5 Nxe5 12. fxe5 Nd5 13. O-O f6 14. Qh5+ Kd7
15. a3 Raf8 16. c4 g6 17. Qe2 Nb6 18. Bh6 Rf7 19. Bg5 f5 20. Bf4 Kc8 21. Rac1
Qd7 {White forfeits on time} 0-1

[Event "Team 45 45 League T60"]
[Site "Internet Chess Club"]
[Date "2014.03.06"]
[Round "2"]
[White "PsyMar"]
[Black "KingOfClubs"]
[Result "1/2-1/2"]
[WhiteElo "1346"]
[BlackElo "1397"]
[Opening "Scotch game"]
[ECO "C45"]
[Time "09:00:13"]
[TimeControl "2700+45"]

1. e4 e5 2. Nf3 Nc6 3. d4 exd4 4. Nxd4 d6 5. Bb5 Bd7 6. O-O Be7 7. Be3 Nf6 8.
Nc3 O-O 9. f3 Nxd4 10. Bxd7 Nxf3+ 11. Qxf3 Qxd7 12. Rad1 Ng4 13. Bf4 Bf6 14. h3
Ne5 15. Qg3 Rfe8 16. Bh6 Ng6 17. Be3 Bxc3 18. bxc3 Rxe4 19. Rfe1 Re6 20. Qg4 Qe8
21. Qf3 Rb8 22. Rb1 Ne5 23. Qf2 b6 24. a4 Nc4 25. Bf4 Rxe1+ 26. Qxe1 Qxe1+ 27.
Rxe1 Kf8 28. Kf2 Re8 29. Rb1 Ne5 30. Bxe5 Rxe5 31. Rb4 a5 32. Rc4 c5 33. Rg4 h5
34. Rh4 g6 35. Rf4 Kg7 36. g4 g5 37. Rf3 h4 38. Rd3 Re6 39. Kf3 Kf8 40. Rd5 Ke7
41. Rxg5 Re5 42. Rg8 f5 43. Rh8 fxg4+ 44. hxg4 Kf7 45. Rxh4 Kg6 46. Rh5 Re6 47.
Rh8 Rf6+ 48. Ke3 d5 49. Rh5 Re6+ 50. Kf3 Rd6 51. Re5 Rf6+ 52. Ke3 d4+ 53. cxd4
cxd4+ 54. Kd3 Rd6 55. Re4 Kg5 56. Rxd4 Re6 57. Rd5+ Kxg4 58. Rd7 Kf4 59. Rb7 Ke5
60. c4 Rd6+ 61. Kc3 Rc6 62. Rd7 Ke6 63. Rd5 Rd6 64. Rb5 Rc6 65. Rd5 Rd6 66. Rb5
{Game drawn by mutual agreement} 1/2-1/2

[Event "Team 45 45 League T60"]
[Site "Internet Chess Club"]
[Date "2014.03.07"]
[Round "2"]
[White "Chess-Boy"]
[Black "Luckydawg"]
[Result "1-0"]
[WhiteElo "1632"]
[BlackElo "1462"]
[Opening "Alekhine's defense: modern variation"]
[ECO "B04"]
[Time "01:08:24"]
[TimeControl "2700+45"]

1. e4 Nf6 2. e5 Nd5 3. d4 d6 4. Nf3 c6 5. Be2 dxe5 6. Nxe5 Bf5 7. O-O Nd7 8. c4
Nb4 9. Na3 Nxe5 10. dxe5 e6 11. Be3 Be7 12. c5 Nd5 13. Bd4 O-O 14. Nc4 Nf4 15.
Nd6 Bxd6 16. exd6 Qg5 17. g3 Bh3 18. Re1 Nxe2+ 19. Qxe2 Qd5 20. Qe4 Rfe8 21.
Qxd5 cxd5 22. b4 f6 23. f4 Kf7 24. a4 Red8 25. a5 a6 26. Reb1 Bf5 27. Rb2 Bd3
28. Kf2 Bb5 29. g4 Rac8 30. Re1 Re8 31. Rb3 Rcd8 32. Rbe3 Bd7 33. h4 Rg8 34. g5
f5 35. h5 g6 36. hxg6+ hxg6 37. Rh1 Bc8 38. Rh7+ Kf8 39. Reh3 Rd7 40. Rh8 Rf7
41. Rxg8+ {Black resigns} 1-0

[Event "Team 45 45 League T60"]
[Site "Internet Chess Club"]
[Date "2014.03.07"]
[Round "2"]
[White "bayoumicardio10"]
[Black "drsigmund1"]
[Result "1-0"]
[WhiteElo "1609"]
[BlackElo "1548"]
[Opening "French: King's Indian attack"]
[ECO "C00"]
[Time "20:00:48"]
[TimeControl "2700+45"]

1. e4 e6 2. d3 d5 3. Nd2 c5 4. Ngf3 Nc6 5. g3 Nf6 6. Bg2 dxe4 7. dxe4 Be7 8. O-O
O-O 9. e5 Ng4 10. Re1 Qc7 11. Qe2 Nd4 12. Nxd4 cxd4 13. Qxg4 Qxc2 14. Ne4 Bb4
15. Bh6 g6 16. Nf6+ Kh8 17. Bxf8 Bxe1 18. Rxe1 {Black resigns} 1-0